 Dungeon Crawl Stone Soup version 0.16-a0-4024-g0ecf4ac (webtiles) character file.

42430 kroki the Cleaver (level 14, -7/94 HPs)
             Began as a Gargoyle Fire Elementalist on Feb 18, 2015.
             Was a High Priest of Trog.
             Killed from afar by Fannar (22 damage)
             ... with a bolt of cold
             ... on level 8 of the Lair of Beasts.
             The game lasted 00:52:47 (17064 turns).

kroki the Cleaver (Gargoyle Fire Elementalist)     Turns: 17064, Time: 00:52:47

Health: -7/94      AC: 30    Str: 16    XL:     14   Next: 19%
Magic:  12/12      EV:  6    Int: 17    God:    Trog [*****.]
Gold:   756        SH:  0    Dex: 10    Spells: 3 memorised, 9 levels left

rFire  + . .     SeeInvis .     U - +2 broad axe (antimagic) {god gift}
rCold  . . .     Clarity  .     P - +0 plate armour
rNeg   + . .     SustAb   .     (no shield)
rPois  ∞         Gourm    +     i - +1 helmet
rElec  +         Spirit   .     j - +1 cloak
rCorr  .         Warding  .     D - +0 pair of gloves
rMut   .         Stasis   .     Q - +0 pair of boots
MR     +++..                    e - amulet of the gourmand
Stlth  ..........               o - ring of invisibility
                                l - ring "Lekeatestra" {rF+ MP+9}

@: regenerating, extremely resistant to hostile enchantments, extremely
unstealthy
A: able to fly continuously, big wings, negative energy resistance 1,
electricity resistance, unbreathing, petrification resistance, rot immunity, AC
+9
a: Fly, Burn Spellbooks, Berserk, Trog's Hand, Brothers in Arms, Renounce
Religion, Evoke Invisibility


You were on level 8 of the Lair of Beasts.
You worshipped Trog.
Trog was extremely pleased with you.
You were not hungry.

You visited 3 branches of the dungeon, and saw 17 of its levels.
You also visited: Labyrinth and Ice Cave.

You collected 821 gold pieces.
You spent 65 gold pieces at shops.

Inventory:

Hand weapons
 n - the +0 broad axe "Qisak" {venom, rElec rF+ rC+ Str+2 Int-4}
   (You acquired it on level 4 of the Lair of Beasts)

   It poisons the flesh of those it strikes.
   It affects your strength (+2).
   It affects your intelligence (-4).
   It protects you from fire.
   It protects you from cold.
   It insulates you from electricity.
 B - a +1 battleaxe of freezing {god gift}
   (Trog gifted it to you on level 6 of the Lair of Beasts)
 F - a +3 war axe of freezing
   (You took it off a goblin on level 5 of the Dungeon)
 I - a +0 blowgun
   (You took it off a kobold on level 5 of the Dungeon)
 U - a +2 antimagic broad axe (weapon) {god gift}
   (Trog gifted it to you on level 8 of the Lair of Beasts)
Missiles
 b - 3 javelins of penetration
 d - 3 throwing nets
 f - 10 javelins
 h - 434 stones (quivered)
 m - 23 poisoned needles
 w - 6 curare-tipped needles
Armour
 i - a +1 helmet (worn)
   (You found it on level 1 of the Dungeon)
 j - a +1 cloak (worn)
   (You found it on level 1 of the Dungeon)
 D - a +0 pair of gloves (worn)
   (You found it on level 4 of the Dungeon)
 P - a +0 plate armour (worn)
   (You took it off an orc warrior on level 6 of the Dungeon)
 Q - a +0 pair of boots (worn)
   (You found it on level 6 of the Dungeon)
 S - the -2 helmet of the Known World {-Tele +Inv MR+ Dex+5 Stlth+}
   (You found it on level 8 of the Dungeon)

   It affects your dexterity (+5).
   It affects your resistance to hostile enchantments.
   It lets you turn invisible.
   It prevents most forms of teleportation.
   It makes you more stealthy.
Jewellery
 e - an amulet of the gourmand (around neck)
   (You found it on level 1 of the Dungeon)
 l - the ring "Lekeatestra" (left hand) {rF+ MP+9}
   (You took it off a minotaur in a labyrinth)

   [ring of magical power]

   It protects you from fire.
   It affects your magic capacity (+9).
 o - a ring of invisibility (right hand)
   (You found it on level 4 of the Dungeon)
 p - an uncursed ring of wizardry
   (You found it in a labyrinth)
 s - an uncursed ring of protection from magic
   (You found it on level 3 of the Dungeon)
 G - an uncursed ring of protection from fire
   (You found it on level 5 of the Dungeon)
 O - a +6 ring of intelligence
   (You took it off Nergalle on level 7 of the Lair of Beasts)
 W - an uncursed amulet of clarity
   (You found it on level 1 of the Lair of Beasts)
Magical devices
 g - a wand of fire (0)
   (You found it on level 2 of the Lair of Beasts)
 y - a wand of frost (26)
   (You found it on level 4 of the Lair of Beasts)
 z - a wand of draining (0)
   (You found it on level 7 of the Lair of Beasts)
 N - a wand of slowing (0)
   (You found it on level 7 of the Dungeon)
 R - a wand of random effects (1)
   (You took it off a human on level 7 of the Dungeon)
Scrolls
 t - 2 scrolls of magic mapping
 C - a scroll of enchant armour
 E - a scroll of enchant weapon
 J - 2 scrolls of recharging
 K - 2 scrolls of teleportation
 L - 2 scrolls of fog
 V - 3 scrolls of remove curse
Potions
 k - 2 potions of might
 q - 3 potions of mutation
 r - 2 potions of resistance
 v - 2 potions of restore abilities
 x - 4 potions of agility
 M - a potion of haste
 X - 2 potions of brilliance
 Y - a potion of cancellation
 Z - 4 potions of curing
Miscellaneous
 a - a disc of storms
   (You found it on level 4 of the Lair of Beasts)
 H - a sack of spiders {used: 4}
   (You found it in an ice cave)
Comestibles
 c - 6 bread rations
 u - 14 fruits
 A - 5 meat rations
 T - 4 beef jerkies


   Skills:
 + Level 13.4 Fighting
 - Level 13.6 Axes
 + Level 8.4 Armour
 - Level 1.5 Dodging
 - Level 2.1 Stealth
 - Level 2.0 Spellcasting
 - Level 4.0 Conjurations
 - Level 4.8 Fire Magic
 + Level 10.7 Evocations


You had 9 spell levels left.
You knew the following spells:

 Your Spells              Type           Power        Failure   Level  Hunger
a - Flame Tongue          Conj/Fire      ###..        96%         1    #......
b - Conjure Flame         Conj/Fire      ###.....     100%        3    ###....
c - Sticky Flame          Conj/Fire      ###.....     100%        4    #####..


Dungeon Overview and Level Annotations

Branches:
Dungeon (8/15)             Temple (1/1) D:4            Lair (8/8) D:8
  Swamp (0/5) Lair:4        Snake (0/5) Lair:5
  Slime: Lair:6-8

Altars:
Ashenzari
Cheibriados
Dithmenos
Elyvilon
Fedhas
Gozag
Kikubaaqudgha
Makhleb
Nemelex Xobeh
Okawaru
Qazlal
Ru
Sif Muna
Trog
Vehumet
Xom
Yredelemnul
The Shining One

Shops:
D:6 *   D:8 *

Annotations:
D:1 exclusion: jackal
D:4 exclusion: worker ant, Sigmund
Lair:6 exclusion: oklob plant
Lair:8 Fannar


Innate Abilities, Weirdness & Mutations

You are resistant to torment.
You are immune to poison.
You can fly continuously.
Your stone body is very resilient (AC +9).
Your wings are large and strong.
You resist negative energy.
You are resistant to electric shocks.
You can survive without breathing.
You are immune to petrification.
You are immune to rotting.


Message History

The orb of electricity explodes!
The orb of electricity engulfs you! You resist.
The orb of electricity engulfs the river rat.
You kill the river rat!
Trog accepts your kill.
The crocodile moves out of view.
Evoke which item? (* to show all) (? for menu, Esc to quit)
The disc erupts in an explosion of electricity!
The orb of electricity explodes!
The orb of electricity engulfs you! You resist.
The orb of electricity engulfs the death yak.
The death yak is moderately wounded.
The zap hits the death yak.
The death yak is moderately wounded.
The zap hits Fannar.
Fannar is lightly wounded.
The orb of electricity explodes!
The orb of electricity engulfs the death yak.
The death yak is almost dead.
The orb of electricity engulfs you!
Unknown command.
Evoke which item? (* to show all) (? for menu, Esc to quit)
Nothing appears to happen.
Fannar casts a spell.
The blink frog hits you but does no damage.
The death yak barely misses you.
A death yak comes into view.
Unknown command.
Evoke which item? (* to show all) (? for menu, Esc to quit)
The disc glows for a moment, then fades.
The blink frog hits you. The death yak closely misses you.
Unknown command.
Evoke which item? (* to show all) (? for menu, Esc to quit)
The disc glows for a moment, then fades.
The blink frog hits you but does no damage.
The blink frog hits you!
The death yak gores you but does no damage.
Unknown command.
Unknown command.
Evoke which item? (* to show all) (? for menu, Esc to quit)
The disc erupts in an explosion of electricity!
The orb of electricity explodes!
The orb of electricity engulfs the death yak.
You kill the death yak!
Trog accepts your kill. The orb of electricity engulfs you! You resist.
* * * LOW HITPOINT WARNING * * *
The orb of electricity engulfs the blink frog.
The blink frog is moderately wounded.
The orb of electricity explodes!
You hear a mighty clap of thunder!
The bolt of lightning hits you! You resist.
* * * LOW HITPOINT WARNING * * *
The bolt of lightning hits you! You resist.
* * * LOW HITPOINT WARNING * * *
You hear a mighty clap of thunder!
The bolt of lightning misses the blink frog.
You hear a mighty clap of thunder!
The bolt of lightning hits the bush.
The bush is moderately damaged.
You hear a mighty clap of thunder!
Fannar casts a spell at you. The bolt of cold hits you!
You die...

.........~......<.......[
......%..................
#......................
..#...0.~..P#...P.P......
.........r.P#.....P..##..
....#.....%.#%.....~.#
.........#.#.%....~.#
.##PP...~%#).........
#.~~.~~F@%....#P...
#..0...###....# ...~....#
##e##... .~~%....


PY. ... ....... .~.. . ...... .Y. ..... e. . You could see Fannar, a death yak
and a blink frog.

Vanquished Creatures
  Maud (Lair:8)
  2 hydras
  8 death yaks
  Nergalle (Lair:7)
  A catoblepas (Lair:3)
  The ghost of dysrexia the Cleaver, an experienced HOGl of Qazlal (D:6)
  3 elephants (Lair:5)
  2 black mambas (Lair:7)
  13 spiny frogs
  The ghost of BLOAX the Slinger, an experienced HaHu (D:5)
  4 komodo dragons
  A fire drake (Lair:5)
  2 polar bears (Lair:5)
  20 blink frogs
  5 humans (D:7)
  A wyvern (Lair:5)
  2 basilisks (Lair:7)
  A naga (Lair:5)
  32 yaks
  5 hippogriffs
  14 wolves
  8 water moccasins
  14 porcupines
  6 spiders (Lair:3)
  4 ogres
  6 orc warriors
  7 ice beasts (IceCv)
  3 sky beasts
  14 crocodiles
  The ghost of Absynth the Chopper, an average DsGl (D:3)
  A boring beetle (Lair:8)
  3 centaurs
  9 giant frogs
  A big kobold (D:5)
  3 scorpions
  9 electric eels
  A goliath beetle (D:6)
  A giant frog zombie (D:5)
  8 orc wizards
  11 hounds
  12 orc priests
  A centaur skeleton (D:7)
  9 iguanas
  6 worker ants
  14 sheep
  67 river rats
  14 gnolls
  2 shadow imps
  A giant mite (D:3)
  18 adders
  4 worms
  2 adder zombies
  9 giant geckos
  An ooze (D:3)
  26 orcs
  9 bats
  3 bat skeletons
  3 bat zombies
  3 giant cockroaches
  13 goblins
  8 hobgoblins
  9 jackals
  16 kobolds
  13 quokkas
  3 ball pythons
  3 giant newts
  A quokka skeleton (D:7)
  18 rats
  A spectral orc (Lair:7)
  22 fungi
  5 plants
546 creatures vanquished.

Vanquished Creatures (collateral kills)
  A minotaur (Lab)
  4 hydras
  3 death yaks (Lair:5)
  2 ice statues (IceCv)
  A komodo dragon (Lair:7)
  3 spiny frogs
  A fire drake (Lair:5)
  A hippogriff (Lair:4)
  A water moccasin (Lair:7)
  A porcupine (Lair:5)
  A giant frog (Lair:5)
  A hound (Lair:2)
  3 river rats (Lair:5)
23 creatures vanquished.

Vanquished Creatures (others)
  An orange demon (Lair:5)
  3 redbacks (Lair:7)
  A trapdoor spider (Lair:7)
  A porcupine (Lair:7)
  A spider (Lair:7)
  An ogre (Lab)
  A rat (D:7)
  3 fungi
  A plant (Lair:5)
13 creatures vanquished.

Grand Total: 582 creatures vanquished

Notes
Turn   | Place    | Note
--------------------------------------------------------------
     0 | D:1      | kroki, the Gargoyle Fire Elementalist, began the quest for the Orb.
     0 | D:1      | Reached XP level 1. HP: 10/10 MP: 3/3
   204 | D:1      | Reached skill level 2 in Conjurations
   312 | D:1      | Reached XP level 2. HP: 10/15 MP: 0/4
  1042 | D:2      | Reached skill level 3 in Conjurations
  1042 | D:2      | Reached XP level 3. HP: 19/19 MP: 4/6
  1047 | D:2      | Learned a level 3 spell: Conjure Flame
  1317 | D:2      | Found a deep blue altar of Sif Muna.
  1318 | D:2      | Found a radiant altar of Vehumet.
  1318 | D:2      | Found a burning altar of Makhleb.
  1723 | D:2      | Reached skill level 4 in Conjurations
  1748 | D:2      | Found a blossoming altar of Fedhas.
  1784 | D:2      | Reached XP level 4. HP: 24/24 MP: 1/7
  2606 | D:3      | Noticed Absynth's ghost (average DsGl)
  2638 | D:3      | Killed Absynth's ghost
  2638 | D:3      | Reached skill level 4 in Fire Magic
  2638 | D:3      | Reached XP level 5. HP: 26/28 MP: 2/9
  2733 | D:3      | Reached skill level 1 in Fighting
  2887 | D:3      | Reached skill level 2 in Fighting
  2892 | D:3      | Reached XP level 6. HP: 33/35 MP: 1/10
  2992 | D:3      | Learned a level 4 spell: Sticky Flame
  3426 | D:4      | Reached skill level 3 in Fighting
  3676 | D:4      | Reached skill level 4 in Fighting
  3968 | D:4      | Reached XP level 7. HP: 42/44 MP: 4/12
  4057 | D:4      | Noticed Sigmund
  4136 | D:4      | Found a staircase to the Ecumenical Temple.
  4233 | Temple   | Entered the Ecumenical Temple
  4296 | Temple   | Became a worshipper of Trog the Wrathful
  4400 | D:4      | Reached skill level 5 in Fighting
  4539 | D:5      | Entered Level 5 of the Dungeon
  4741 | D:5      | Reached skill level 1 in Axes
  4981 | D:5      | Reached skill level 2 in Axes
  5025 | D:5      | Acquired Trog's first power
  5055 | D:5      | Reached skill level 3 in Axes
  5141 | D:5      | Noticed BLOAX's ghost (experienced HaHu)
  5153 | D:5      | Killed BLOAX's ghost
  5153 | D:5      | Reached skill level 4 in Axes
  5153 | D:5      | Reached XP level 8. HP: 49/49 MP: 13/13
  5171 | D:5      | Reached skill level 5 in Axes
  5306 | D:5      | Found an opulent altar of Gozag.
  5386 | D:5      | Acquired Trog's second power
  5692 | D:6      | Found Qaurikhlo's General Store.
  5697 | D:6      | Bought a scroll of teleportation for 39 gold pieces
  5697 | D:6      | Bought a scroll of fog for 26 gold pieces
  5739 | D:6      | Reached skill level 6 in Axes
  5890 | D:6      | Noticed dysrexia's ghost (experienced HOGl)
  5900 | D:6      | Killed dysrexia's ghost
  5900 | D:6      | Reached skill level 7 in Axes
  5900 | D:6      | Reached XP level 9. HP: 54/54 MP: 14/14
  5984 | D:6      | Reached skill level 8 in Axes
  6591 | D:7      | Reached skill level 9 in Axes
  6750 | D:7      | Reached skill level 10 in Axes
  6756 | D:7      | Received a gift from Trog
  7170 | D:7      | Reached XP level 10. HP: 55/60 MP: 16/16
  7190 | D:7      | Reached skill level 6 in Fighting
  7460 | D:7      | Acquired Trog's third power
  7675 | D:7      | Reached skill level 7 in Fighting
  7795 | D:8      | Found a white marble altar of Elyvilon.
  7795 | D:8      | Found Kezxar's Hallowed Reliquary.
  7799 | D:8      | Noticed an angel
  7800 | D:8      | Got a bloodstained helmet
  7805 | D:8      | Identified the -2 helmet of the Known World {-Tele +Inv MR+ Dex+5 Stlth+} (You found it on level 8 of the Dungeon)
  7832 | D:8      | Reached skill level 11 in Axes
  8034 | D:8      | Found a white marble altar of Elyvilon.
  8300 | D:8      | Found a staircase to the Lair.
  8429 | D:8      | Reached skill level 1 in Evocations
  8453 | Lair:1   | Entered Level 1 of the Lair of Beasts
  8892 | Lair:1   | Reached skill level 2 in Evocations
  8919 | Lair:1   | Reached skill level 8 in Fighting
  9428 | Lair:2   | Reached skill level 3 in Evocations
  9439 | Lair:2   | Reached XP level 11. HP: 35/69 MP: 17/17
  9744 | Lair:2   | Noticed a five-headed hydra
  9754 | Lair:2   | Killed a five-headed hydra
  9754 | Lair:2   | Reached skill level 4 in Evocations
  9825 | Lair:2   | Reached skill level 9 in Fighting
 10246 | Lair:2   | Noticed a four-headed hydra
 10254 | Lair:2   | Killed a four-headed hydra
 10254 | Lair:2   | Reached skill level 12 in Axes
 10533 | Lair:3   | Received a gift from Trog
 10533 | Lair:3   | Reached skill level 5 in Evocations
 10555 | Lair:3   | Found a labyrinth entrance.
 10578 | Lab      | Entered a labyrinth
 11179 | Lab      | Noticed a minotaur
 11215 | Lab      | Killed a minotaur
 11221 | Lab      | Got a slimy ivory ring
 11223 | Lab      | Identified the ring "Lekeatestra" {rF+ MP+9} (You took it off a minotaur in a labyrinth)
 11480 | Lair:3   | Reached skill level 10 in Fighting
 11594 | Lair:3   | Reached skill level 6 in Evocations
 12012 | Lair:3   | Reached XP level 12. HP: 68/78 MP: 21/21
 12024 | Lair:3   | Found a hole to the Spider Nest.
 12613 | Lair:4   | Noticed a five-headed hydra
 12622 | Lair:4   | Killed a four-headed hydra
 12623 | Lair:4   | Reached skill level 7 in Evocations
 12720 | Lair:4   | Got a fabulously ornate robe
 12773 | Lair:4   | Identified the +2 robe "Xoedwum" {rC+ Str-3 Int+4 SInv} (You found it on level 4 of the Lair of Beasts)
 12801 | Lair:4   | Reached skill level 11 in Fighting
 12826 | Lair:4   | Received a gift from Trog
 12860 | Lair:4   | Found a staircase to the Swamp.
 12877 | Lair:4   | Identified a scroll of acquirement
 12878 | Lair:4   | Got a crystal broad axe
 12879 | Lair:4   | Identified the +0 broad axe "Qisak" {venom, rElec rF+ rC+ Str+2 Int-4} (You acquired it on level 4 of the Lair of Beasts)
 13143 | Lair:4   | Reached skill level 1 in Armour
 13303 | Lair:4   | Reached skill level 2 in Armour
 13427 | Lair:4   | Reached skill level 13 in Axes
 13625 | Lair:5   | Reached skill level 3 in Armour
 13625 | Lair:5   | Reached skill level 8 in Evocations
 13767 | Lair:5   | Found a frozen archway.
 13867 | IceCv    | Entered an ice cave
 13955 | IceCv    | Reached skill level 4 in Armour
 14032 | Lair:5   | Found a staircase to the Snake Pit.
 14090 | Lair:5   | Noticed a death yak
 14091 | Lair:5   | Noticed a death yak
 14098 | Lair:5   | Noticed a death yak
 14099 | Lair:5   | Reached XP level 13. HP: 78/85 MP: 25/25
 14109 | Lair:5   | Killed a death yak
 14113 | Lair:5   | Killed a death yak
 14124 | Lair:5   | Killed a death yak
 14393 | Lair:5   | Reached skill level 12 in Fighting
 14461 | Lair:5   | Reached skill level 5 in Armour
 14710 | Lair:5   | Reached skill level 9 in Evocations
 15847 | Lair:6   | Received a gift from Trog
 16085 | Lair:7   | Noticed Nergalle
 16132 | Lair:7   | Reached skill level 6 in Armour
 16647 | Lair:7   | Reached skill level 7 in Armour
 16647 | Lair:7   | Reached skill level 10 in Evocations
 16651 | Lair:7   | Reached skill level 13 in Fighting
 16720 | Lair:7   | Killed Nergalle
 16720 | Lair:7   | Gained mutation: Your wings are large and strong. [gargoyle growth]
 16720 | Lair:7   | Reached XP level 14. HP: 91/94 MP: 27/27
 16991 | Lair:8   | Entered Level 8 of the Lair of Beasts
 17023 | Lair:8   | Received a gift from Trog
 17029 | Lair:8   | Noticed Maud
 17034 | Lair:8   | Reached skill level 8 in Armour
 17037 | Lair:8   | Killed Maud
 17056 | Lair:8   | Noticed Fannar
 17064 | Lair:8   | Killed from afar by Fannar

Action                   |  1- 3 |  4- 6 |  7- 9 | 10-12 | 13-15 || total
-------------------------+-------+-------+-------+-------+-------++-------
Melee: Unarmed           |     2 |       |       |       |       ||     2
       Short sword       |    32 |       |       |       |       ||    32
       Dagger            |     4 |    61 |    27 |       |       ||    92
       War axe           |       |       |   288 |   532 |    40 ||   860
       Broad axe         |       |       |       |   235 |   119 ||   354
       Battleaxe         |       |       |       |       |   118 ||   118
 Fire: Blowgun           |       |       |    23 |    75 |     3 ||   101
Throw: Javelin           |    14 |       |       |       |       ||    14
       Stone             |    15 |     4 |    12 |     9 |     4 ||    44
 Cast: Flame Tongue      |    31 |    88 |     4 |       |       ||   123
       Conjure Flame     |     1 |     3 |       |       |       ||     4
Invok: Berserk           |       |       |     6 |     5 |     1 ||    12
       Burn Spellbooks   |       |       |     2 |     3 |       ||     5
       Trog's Hand       |       |       |     1 |     5 |     8 ||    14
       Brothers in Arms  |       |       |       |     6 |       ||     6
 Abil: Evoke Invisibilit |       |       |       |     7 |       ||     7
       Turn Visible      |       |       |       |     1 |       ||     1
Evoke: Wand              |       |       |       |    13 |     5 ||    18
       Deck              |       |       |       |     3 |     3 ||     6
       Disc of storms    |       |       |       |       |   125 ||   125
       Sack of spiders   |       |       |       |       |     5 ||     5
  Use: Scroll            |     5 |     8 |     3 |    21 |     4 ||    41
       Potion            |       |     2 |       |     5 |       ||     7
 Stab: Sleeping          |     1 |     1 |       |       |       ||     2
       Invisible         |       |       |       |     8 |       ||     8
  Eat: Chunk             |     3 |     9 |    10 |    21 |     3 ||    46
       Bread ration      |       |       |     1 |     2 |     2 ||     5
       Fruit             |       |       |     3 |       |       ||     3
       Royal jelly       |       |       |     1 |       |       ||     1
       Pizza             |       |       |     1 |       |       ||     1
       Beef jerky        |       |       |       |     4 |       ||     4
